 Dungeon Crawl Stone Soup version 0.22-a0-265-g0d8bc90 (webtiles) character file.

14345 varam the Blocker (level 11, -14/99 HPs)
             Began as a Yellow Draconian Wanderer on Mar 7, 2018.
             Was a Follower of Uskayaw.
             Demolished by Frances
             ... wielding a +0 glaive
              (20 damage)
             ... on level 12 of the Dungeon.
             The game lasted 00:49:03 (15152 turns).

varam the Blocker (Yellow Draconian Wanderer)      Turns: 15152, Time: 00:49:03

Health: -14/99     AC: 12    Str: 15    XL:     11   Next: 87%
Magic:  11/11      EV: 12    Int: 17    God:    Uskayaw [*.....]
Gold:   688        SH: 11    Dex:  9    Spells: 10/10 levels left

rFire    + . .     SeeInvis .   P - +0 scimitar (slice)
rCold    x . .     Gourm    .   a - +0 shield
rNeg     . . .     Faith    .   (armour unavailable)
rPois    .         Spirit   .   (helmet restricted)
rElec    .         Reflect  .   c - +0 cloak
rCorr    +         Harm     .   I - +1 pair of gloves
MR       .....                  r - +1 pair of boots
Stlth    +.........             (no amulet)
HPRegen  0.26/turn              l - ring of fire
MPRegen  0.12/turn              n - +2 ring of evasion

@: short of breath, slowed, drained, very slow
A: spit acid, acid resistance, unfitting armour, cold-blooded, AC +7
a: Breathe Acid, Stomp, Renounce Religion


You were on level 12 of the Dungeon.
You worshipped Uskayaw.
Uskayaw was noncommittal.
You were not hungry.

You visited 1 branch of the dungeon, and saw 12 of its levels.
You also visited: Sewer.

You collected 688 gold pieces.

Inventory:

Hand Weapons
 x - a +0 falchion of holy wrath
 F - a +2 dagger of venom
 K - a +2 short sword of draining
 P - a +0 scimitar of slicing (weapon)
Missiles
 b - 2 silver javelins
 e - 16 tomahawks (quivered)
 m - 64 sling bullets
 q - 2 throwing nets
 z - 47 poisoned needles
Armour
 a - a +0 shield (worn)
 c - a +0 cloak (worn)
 r - a +1 pair of boots (worn)
 I - a +1 pair of gloves (worn)
Magical Staves
 E - an uncursed staff of summoning
 M - an uncursed staff of earth
Jewellery
 l - a ring of fire (left hand)
 n - a +2 ring of evasion (right hand)
 N - an uncursed ring of protection from cold {unknown}
Wands
 g - a wand of enslavement (12)
 p - a wand of flame (4)
 s - a wand of iceblast (3)
 D - a wand of disintegration (1)
 J - a wand of acid (5)
 Q - a wand of polymorph (8)
Scrolls
 f - 7 scrolls of remove curse
 i - 2 scrolls of enchant armour
 j - 3 scrolls of amnesia
 k - a scroll of teleportation
 t - a scroll of immolation
 u - a scroll of fog
 B - a scroll of silence {unknown}
 C - 2 scrolls of magic mapping
 G - 2 scrolls of blinking {unknown}
 L - a scroll of holy word {unknown}
 O - a scroll of fear {unknown}
Potions
 h - 4 potions of brilliance
 o - a potion of lignification
 v - a potion of heal wounds
 A - 4 potions of flight
Comestibles
 d - 16 rations
 R - 3 chunks of flesh


   Skills:
 - Level 10.0(9.2) Fighting
 - Level 6.3(8.8) Short Blades
 + Level 11.1(10.9) Long Blades
   Level 2.0(1.4) Maces & Flails
 - Level 1.0(0.4) Stealth
 + Level 12.0(11.2) Shields


You had 10 spell levels left.
You didn't know any spells.

Dungeon Overview and Level Annotations

Branches:
Dungeon (12/15)            Temple (0/1) D:4            Lair (0/6) D:10
    Orc (0/2) D:10

Altars:
Fedhas
Hepliaklqana
Qazlal
Uskayaw
The Shining One
Beogh

Shops:
D:11 }

Annotations:
D:12 Frances


Innate Abilities, Weirdness & Mutations

You can spit globs of acid.
You are resistant to acid.
Your golden yellow scales are hard. (AC +7)
You cannot fit into any form of body armour.
You are cold-blooded and may be slowed by cold attacks.


Message History

Frances is splashed with acid.
The acid corrodes Frances!
Frances is lightly wounded.
Frances is splashed with acid.
You feel somewhat more hungry.
Frances hits you from afar with a glaive! x2
Frances hits you with a glaive!!
* * * LOW HITPOINT WARNING * * *
You hit Frances.
Frances is lightly wounded.
You block Frances's attack. x2
You feel much better. Frances misses you.
Frances chants phrases taken from a devil's mouth.
You feel much better. Frances hits you with a glaive! The sun demon hits you!!
* * * LOW HITPOINT WARNING * * *
You are engulfed in flames!
You resist.
* * * LOW HITPOINT WARNING * * *
You block Frances's attack.
You hit Frances.
Frances is lightly wounded.
You block the sun demon's attack. Frances hits you with a glaive!!
You die...

#....#####.###.##.#
###.................#
#..........##.....####
#......>........###
#.#.#...<#.#..###
#.#.#...>#....# #
#.#.........#
###.#.###3# ..#.# #@#
### ## #@#
......WHu.@....
......3........
...H...........
.............!.
...............
...............
...............


You could see Frances, a red ugly thing, 2 sun demons, a hippogriff and a
wraith.

Vanquished Creatures
  Josephine (D:11)
  3 two-headed ogres
  The ghost of Karim the Destroyer, a novice GnCj of Cheibriados (D:7)
  A cyclops (D:12)
  An elephant (D:10)
  2 centaur zombies (D:11)
  A gargoyle (D:11)
  A yaktaur (D:12)
  2 kobold demonologists (D:6)
  A merfolk (D:11)
  3 trolls
  A hippogriff (D:7)
  Sigmund (D:5)
  4 wraiths
  A wyvern (D:11)
  6 yaks (D:10)
  A hungry ghost (D:9)
  A basilisk (D:10)
  Edmund (D:4)
  An ice beast (D:8)
  3 sky beasts
  3 orc warriors
  4 phantoms
  7 centaurs
  2 necrophages
  5 ogres
  2 crocodiles
  6 big kobolds
  A gnoll sergeant (D:6)
  5 bullfrogs
  4 killer bees (D:9)
  5 scorpions
  A howler monkey (D:5)
  9 crimson imps
  2 lava snakes (D:11)
  3 bullfrog zombies
  A quasit (D:9)
  3 hounds
  An iron imp (D:5)
  3 orc priests
  7 orc wizards
  2 bullfrog skeletons (D:11)
  A centaur skeleton (D:8)
  3 iguanas
  9 worker ants
  2 hound skeletons
  A worker ant zombie (D:6)
  9 gnolls
  17 adders
  5 river rats (Sewer)
  2 shadow imps (D:7)
  3 oozes
  2 adder zombies
  3 worms
  4 dart slugs
  11 leopard geckos
  36 orcs
  5 ball pythons
  10 giant cockroaches
  6 goblins
  4 hobgoblins
  28 jackals
  A quokka (D:12)
  A ball python zombie (D:5)
  7 bats
  8 frilled lizards
  5 hobgoblin zombies (D:5)
  A jackal skeleton (D:4)
  24 kobolds
  A kobold skeleton (D:5)
  A kobold zombie (D:5)
  An orc skeleton (D:5)
  An orc zombie (D:5)
  2 quokka zombies (D:5)
  25 rats
352 creatures vanquished.

Vanquished Creatures (collateral kills)
  A hound (D:11)
1 creature vanquished.

Grand Total: 353 creatures vanquished

Notes
Turn   | Place    | Note
-------+----------+-------------------------------------------
     0 | D:1      | varam the Draconian Wanderer began the quest for the Orb.
     0 | D:1      | varam set off with: a +0 shield, a +0 falchion, a +0 mace, a ration
     0 | D:1      | Reached XP level 1. HP: 22/22 MP: 1/1
   120 | D:1      | Reached XP level 2. HP: 18/28 MP: 2/2
   298 | D:1      | Reached skill level 3 in Shields
   537 | D:1      | Reached XP level 3. HP: 28/34 MP: 3/3
   977 | D:2      | Reached skill level 2 in Short Blades
  1013 | D:2      | Found a hide-covered altar of Uskayaw.
  1052 | D:2      | Became a worshipper of Uskayaw the Reveler
  1059 | D:2      | Found a stormy altar of Qazlal.
  1060 | D:2      | Noticed a fire elemental
  1237 | D:2      | Noticed an earth elemental
  1246 | D:2      | Noticed an air elemental
  1250 | D:2      | Noticed a water elemental
  1295 | D:2      | Reached * piety under Uskayaw
  1380 | D:2      | Reached XP level 4. HP: 38/41 MP: 4/4
  1660 | D:2      | Reached skill level 4 in Shields
  1660 | D:2      | Reached ** piety under Uskayaw
  1985 | D:3      | Reached *** piety under Uskayaw
  1987 | D:3      | Reached **** piety under Uskayaw
  2049 | D:3      | Reached XP level 5. HP: 47/47 MP: 5/5
  2252 | D:3      | Reached skill level 3 in Short Blades
  2320 | D:3      | Found a faded altar of an unknown god.
  2744 | D:4      | Reached skill level 5 in Shields
  2769 | D:4      | Noticed Edmund
  2923 | D:4      | Noticed a phantom
  2947 | D:4      | Killed a phantom
  2947 | D:4      | Reached XP level 6. HP: 37/53 MP: 6/6
  2950 | D:4      | Found a staircase to the Ecumenical Temple.
  2992 | D:4      | Found a glowing drain.
  3013 | Sewer    | Entered a sewer
  3390 | Sewer    | Reached skill level 6 in Shields
  3608 | Sewer    | Reached skill level 4 in Short Blades
  3617 | Sewer    | Your scales start taking on a golden yellow colour.
  3617 | Sewer    | Reached XP level 7. HP: 60/60 MP: 7/7
  3928 | D:4      | Killed Edmund
  3928 | D:4      | Reached skill level 7 in Shields
  4094 | D:5      | Entered Level 5 of the Dungeon
  4296 | D:5      | Found a glowing golden altar of the Shining One.
  4326 | D:5      | Reached skill level 5 in Short Blades
  4340 | D:5      | You fall through a shaft!
  4340 | D:6      | Found a hazy altar of Hepliaklqana.
  4602 | D:5      | Reached skill level 8 in Shields
  4602 | D:5      | Reached XP level 8. HP: 58/65 MP: 8/8
  4692 | D:5      | Noticed Sigmund
  4723 | D:5      | Killed Sigmund
  5062 | D:6      | Reached skill level 6 in Short Blades
  5212 | D:6      | Reached skill level 9 in Shields
  5608 | D:6      | Reached skill level 1 in Long Blades
  6323 | D:7      | Reached XP level 9. HP: 72/72 MP: 9/9
  6338 | D:7      | Reached skill level 2 in Long Blades
  6426 | D:7      | Noticed Karim's ghost (novice GnCj)
  6449 | D:7      | Killed Karim's ghost
  6449 | D:7      | Reached skill level 6 in Fighting
  6449 | D:7      | Reached skill level 4 in Long Blades
  6800 | D:7      | Noticed a kobold demonologist
  6811 | D:7      | Noticed a kobold demonologist
  7044 | D:7      | Noticed a red devil
  7048 | D:6      | Killed a kobold demonologist
  7048 | D:6      | Reached skill level 7 in Fighting
  7048 | D:6      | Reached skill level 5 in Long Blades
  7062 | D:6      | Killed a kobold demonologist
  7131 | D:7      | Reached skill level 6 in Long Blades
  7345 | D:7      | Reached XP level 10. HP: 24/88 MP: 10/10
  7348 | D:7      | Reached skill level 8 in Fighting
  7688 | D:7      | Reached ***** piety under Uskayaw
  8194 | D:8      | Noticed a two-headed ogre
  8201 | D:8      | Killed a two-headed ogre
  8201 | D:8      | Reached skill level 9 in Fighting
  8201 | D:8      | Reached skill level 7 in Long Blades
  9120 | D:9      | Found a blossoming altar of Fedhas.
  9600 | D:9      | Reached skill level 8 in Long Blades
 10607 | D:10     | Entered Level 10 of the Dungeon
 10617 | D:10     | Reached skill level 10 in Fighting
 10826 | D:10     | Found a staircase to the Orcish Mines.
 11083 | D:10     | Reached skill level 10 in Shields
 11124 | D:10     | Reached skill level 9 in Long Blades
 11405 | D:10     | Noticed an elephant
 11467 | D:10     | Killed an elephant
 11467 | D:10     | Reached XP level 11. HP: 62/99 MP: 11/11
 11702 | D:10     | Found a staircase to the Lair.
 11990 | D:10     | Found a roughly hewn altar of Beogh.
 12805 | D:11     | Noticed a two-headed ogre
 12840 | D:11     | Killed a two-headed ogre
 12873 | D:11     | Noticed a two-headed ogre
 12874 | D:11     | Found Reev's Gadget Shop.
 12894 | D:10     | Killed a two-headed ogre
 13070 | D:11     | Reached skill level 10 in Long Blades
 13070 | D:11     | Reached skill level 11 in Shields
 13975 | D:12     | Noticed Josephine
 14025 | D:12     | Noticed Urug
 14693 | D:11     | Killed Josephine
 14929 | D:12     | Reached skill level 11 in Long Blades
 15025 | D:12     | Noticed Urug
 15025 | D:12     | Urug changed into Urug the yaktaur
 15035 | D:12     | Killed Urug the yaktaur
 15035 | D:12     | Reached skill level 12 in Shields
 15144 | D:12     | Noticed Frances
 15144 | D:12     | Noticed a red ugly thing
 15151 | D:12     | Noticed a sun demon
 15151 | D:12     | Noticed a sun demon
 15151 | D:12     | HP: 6/99 [sun demon[Frances] (9)]
 15152 | D:12     | Demolished by Frances

Vault maps used:
D:1:      lightli_arrival_flooded_house, kennysheep_another_room
D:2:      nicolae_qazlal_style_of_elements, lemuel_doored_altar
D:3:      chequers_ecumenical_altar_island, kennysheep_generic_room_13
D:4:      minmay_temple_entry_statues, portal_sewer_entry_f, uniq_edmund
D:5:      first_ration, serial_bayou_lagoon_a, nicolae_tso_besieged_by_evil,
          uniq_sigmund
D:6:      lemuel_crystal_altar
D:9:      fedhas_bush_and_centaur_altar
D:10:     david_lair_generic, minmay_orc_entry_temple_small
D:11:     serial_shops, shop, hangedman_fish_farm, kennysheep_generic_room_2
D:12:     hourglass_vault, uniq_frances, uniq_josephine, uniq_urug
Sewer:    sewer_minmay_treatment

Skill      XL: |  1  2  3  4  5  6  7  8  9 10 11 |
---------------+----------------------------------+-----
Shields        | 3 4 5 6 8 9 10 12 | 12.0
Short Blades   | 2 3 4 5 6 |  6.3
Long Blades    | 1 6 9 11 | 11.1
Fighting       | 7 10 | 10.0
Maces & Flails | |  2.0
Stealth        | |  1.0

Action                   |  1- 3 |  4- 6 |  7- 9 | 10-12 || total
-------------------------+-------+-------+-------+-------++-------
Melee: Short sword       |   126 |   190 |   301 |       ||   617
       Mace              |     1 |       |       |       ||     1
       Tailslap          |     9 |    14 |    68 |    90 ||   181
       Falchion          |       |       |   265 |   790 ||  1055
       Dagger            |       |       |    32 |       ||    32
       Scimitar          |       |       |       |    13 ||    13
 Fire: Blowgun           |       |       |     1 |       ||     1
Throw: Tomahawk          |       |     3 |     7 |    11 ||    21
       Throwing net      |       |       |     2 |       ||     2
Invok: Stomp             |       |       |     7 |     8 ||    15
 Abil: Breathe Acid      |       |       |     1 |    13 ||    14
Evoke: Wand              |       |    16 |     5 |    15 ||    36
  Use: Scroll            |       |     6 |     4 |     4 ||    14
       Potion            |       |       |    13 |     7 ||    20
 Stab: Paralysed         |       |     1 |    13 |    21 ||    35
       Sleeping          |       |     1 |       |     2 ||     3
  Eat: Chunk             |     2 |     7 |    14 |    18 ||    41
       Ration            |       |       |       |     4 ||     4
Armor: Skin              |    33 |    56 |   132 |   218 ||   439
Dodge: Dodged            |    43 |    78 |   217 |   310 ||   648
Block: Shield            |    36 |   109 |   277 |   449 ||   871
       Rpst.: Falchion   |       |       |    41 |    78 ||   119

Table legend:
 A = Spawn XP
 B = Non-spawn XP
 C = Spawn XP percentage of total XP
 D = Spawn monster count
 E = Non-spawn monster count
 F = Spawn count percentage of total count
 G = Total turns spent on level
                    A         B        C        D         E        F      G
               +---------+---------+-------+---------+---------+-------+---------
         Total |       0 |   20493 |   0.0 |       0 |     353 |   0.0 | 15152
               +---------+---------+-------+---------+---------+-------+---------
           D:1 |       0 |      41 |   0.0 |       0 |      23 |   0.0 |   636
           D:2 |       0 |     101 |   0.0 |       0 |      24 |   0.0 |  1125
           D:3 |       0 |     135 |   0.0 |       0 |      18 |   0.0 |   984
           D:4 |       0 |     436 |   0.0 |       0 |      17 |   0.0 |   710
           D:5 |       0 |     963 |   0.0 |       0 |      37 |   0.0 |   771
           D:6 |       0 |    1708 |   0.0 |       0 |      38 |   0.0 |  1482
           D:7 |       0 |    2491 |   0.0 |       0 |      35 |   0.0 |  1492
           D:8 |       0 |    1671 |   0.0 |       0 |      15 |   0.0 |  1127
           D:9 |       0 |    1520 |   0.0 |       0 |      29 |   0.0 |  1611
          D:10 |       0 |    4242 |   0.0 |       0 |      29 |   0.0 |  2617
          D:11 |       0 |    4976 |   0.0 |       0 |      27 |   0.0 |  1388
          D:12 |       0 |    1853 |   0.0 |       0 |      13 |   0.0 |   427
         Sewer |       0 |     356 |   0.0 |       0 |      48 |   0.0 |   782
               +---------+---------+-------+---------+---------+-------+---------
